Map: Oxide LE

Players

Kerki

  • Race: Protoss Protoss
  • Spawn Location: 7:00

Anarchy - Winner!

  • Race: Terran Terran
  • League: Gold
  • Spawn Location: 1:00

VOD

Have the link to the VOD?

Description

Time

  • Played on: Oct. 24, 2020, 12:16 p.m.
  • Length: 25:36
Show
View Real Time Build Order
Export as new Build Order

Kerki Protoss 

Build Orders:  

Get SALT Encoding   

  12  0:02  Probe  
  13  0:14  Probe  
  14  0:26  Probe  
  15  0:47  Pylon  
  15  0:52  Pylon  
  15  1:05  Probe  
  16  1:11  Nexus  
  16  1:17  Probe  
  17  1:21  Pylon  
  17  1:29  Probe  
  18  1:33  Assimilator  
  18  1:37  Assimilator  
  18  1:42  Probe (Chrono Boost)  
  19  1:53  Probe (Chrono Boost)  
  20  1:57  Probe (Chrono Boost)  
  21  2:06  Probe  
  22  2:12  Forge  
  22  2:16  Gateway  
  22  2:18  Probe (Chrono Boost)  
  24  2:30  Probe (Chrono Boost)  
  24  2:35  Probe (Chrono Boost)  
  25  2:47  Probe (Chrono Boost)  
  25  2:48  Probe (Chrono Boost)  
  29  2:58  Photon Cannon  
  29  2:59  Probe (Chrono Boost)  
  29  3:01  Probe (Chrono Boost)  
  29  3:02  Photon Cannon  
  29  3:04  Probe (Chrono Boost)  
  30  3:08  Probe  
  30  3:09  Pylon  
  31  3:14  Probe, Pylon  
  32  3:20  Probe  
  32  3:23  Photon Cannon  
  32  3:26  Probe  
  34  3:30  Photon Cannon  
  34  3:34  Photon Cannon  
  34  3:40  Probe (Chrono Boost)  
  36  3:41  Probe (Chrono Boost)  
  36  3:52  Zealot  
  36  3:53  Probe (Chrono Boost)  
  40  3:56  Probe (Chrono Boost)  
  40  3:58  Probe (Chrono Boost)  
  41  4:07  Probe  
  41  4:09  Cybernetics Core  
  42  4:11  Assimilator  
  42  4:14  Assimilator  
  42  4:18  Photon Cannon  
  42  4:19  Zealot, Probe  
  45  4:40  Probe (Chrono Boost)  
  46  4:46  Zealot  
  46  4:51  Probe (Chrono Boost)  
  49  4:56  Probe (Chrono Boost)  
  50  5:07  Probe  
  51  5:14  Sentry  
  53  5:19  Probe  
  54  5:26  Pylon  
  54  5:40  Sentry  
  54  5:41  Shield Battery  
  56  5:51  Photon Cannon  
  56  5:57  Shield Battery  
  56  6:06  Sentry  
  56  6:10  Pylon  
  58  6:19  Pylon  
  58  6:31  Pylon  
  60  6:32  Zealot  
  60  6:35  Stargate  
  60  6:37  Robotics Facility  
  60  6:41  Twilight Council  
  60  6:57  Photon Cannon  
  60  6:59  Stalker  
  62  7:01  Photon Cannon  
  62  7:06  Pylon  
  62  7:12  Pylon  
  62  7:16  Void Ray (Chrono Boost), Pylon  
  62  7:23  Photon Cannon  
  62  7:29  Stalker  
  68  7:35  Charge  
  68  7:38  Immortal  
  68  7:44  Void Ray (Chrono Boost)  
  76  7:59  Stalker  
  78  8:14  Void Ray, Immortal  
  86  8:28  Nexus  
  86  8:32  Protoss Ground Weapons Level 1  
  86  8:46  Stargate  
  86  8:51  Void Ray  
  86  8:53  Robotics Facility, Immortal  
  90  9:00  Templar Archives  
  94  9:08  Robotics Bay  
  94  9:28  Void Ray  
  94  9:32  Immortal (Chrono Boost)  
  94  9:36  Assimilator  
  102  9:46  Assimilator  
  102  10:01  Void Ray  
  102  10:05  Void Ray  
  102  10:06  Immortal (Chrono Boost)  
  114  10:38  Void Ray  
  114  10:41  Immortal, Protoss Ground Armor Level 1  
  122  10:54  Immortal  
  126  11:15  Void Ray x2  
  126  11:19  Colossus  
  140  11:34  Pylon  
  140  11:38  Pylon  
  140  11:43  Pylon  
  140  11:50  Pylon  
  140  11:52  Void Ray, Immortal, Pylon  
  144  11:56  Pylon  
  144  12:00  Pylon x2  
  148  12:03  Pylon  
  148  12:13  Colossus  
  154  12:19  High Templar  
  156  12:28  Pylon  
  156  12:31  Immortal  
  156  12:34  Pylon  
  156  12:35  Photon Cannon  
  160  12:37  Photon Cannon  
  160  12:49  Protoss Shields Level 1  
  160  12:50  Pylon  
  160  12:58  Blink, High Templar  
  161  13:06  Colossus  
  161  13:10  Immortal  
  99  13:34  Void Ray (Chrono Boost)  
  69  13:35  Void Ray (Chrono Boost)  
  69  13:38  High Templar  
  69  13:41  Immortal  
  71  14:05  Void Ray (Chrono Boost)  
  71  14:06  Void Ray (Chrono Boost)  
  81  14:17  High Templar (Chrono Boost)  
  81  14:21  Archon  
  81  14:37  Void Ray  
  81  14:39  Void Ray  
  85  14:47  High Templar (Chrono Boost)  
  91  14:59  Resonating Glaives  
  91  15:10  Immortal (Chrono Boost)  
  91  15:13  Colossus (Chrono Boost)  
  95  15:14  Void Ray  
  95  15:15  High Templar  
  95  15:20  Void Ray  
  111  15:42  Immortal  
  115  15:46  Archon  
  115  15:51  Void Ray  
  115  15:53  Gateway  
  115  15:59  Colossus  
  118  16:20  Protoss Air Weapons Level 1 (Chrono Boost)  
  118  16:22  Immortal  
  33  16:53  Colossus  
  33  17:01  Immortal  
  33  17:40  Immortal  
  33  17:46  Colossus  
  33  18:21  Protoss Air Armor Level 1  
  33  18:40  Colossus  
Show
View Real Time Build Order
Export as new Build Order

Anarchy Terran - Winner!

Build Orders: 2 Factory, Mech 

Get SALT Encoding   

  12  0:01  SCV  
  13  0:13  SCV  
  14  0:20  Supply Depot  
  14  0:25  SCV  
  15  0:30  Refinery  
  15  0:41  SCV  
  16  0:52  Barracks  
  16  0:53  SCV  
  17  1:05  SCV  
  18  1:17  SCV  
  19  1:30  SCV  
  20  1:43  Orbital Command  
  20  1:47  Barracks Tech Lab  
  20  1:58  Command Center  
  20  2:06  Supply Depot  
  20  2:08  Marine  
  20  2:13  SCV  
  22  2:17  Refinery  
  22  2:25  SCV  
  22  2:26  Factory  
  23  2:37  SCV  
  24  2:53  Supply Depot  
  24  2:55  SCV  
  24  2:57  Supply Depot  
  25  3:08  SCV  
  25  3:10  Factory  
  27  3:20  SCV  
  27  3:21  Orbital Command  
  27  3:23  Barracks Reactor  
  27  3:31  Engineering Bay  
  27  3:32  SCV  
  28  3:35  Siege Tank  
  31  3:44  SCV  
  32  3:53  Supply Depot  
  32  3:54  Supply Depot  
  32  3:56  SCV  
  32  3:59  SCV  
  32  4:00  Supply Depot  
  34  4:06  Neosteel Armor  
  34  4:11  Missile Turret  
  34  4:31  SCV x2  
  34  4:36  Missile Turret  
  34  4:37  Hellion x2  
  40  4:39  Siege Tank  
  40  4:43  SCV  
  40  4:44  SCV  
  45  4:48  Armory  
  45  4:56  SCV x2  
  45  4:58  Supply Depot  
  47  5:00  Supply Depot  
  47  5:08  Supply Depot, SCV x2  
  49  5:18  Widow Mine x2  
  49  5:20  SCV x2  
  55  5:31  Supply Depot  
  55  5:32  SCV x2  
  57  5:42  Thor  
  63  5:44  Hellbat, SCV x2  
  63  5:45  Hellbat  
  69  5:55  Refinery  
  69  5:56  SCV x2, Refinery  
  71  6:08  SCV  
  71  6:09  SCV  
  73  6:15  Hellbat  
  73  6:16  Hellbat  
  77  6:20  SCV  
  77  6:21  Command Center, SCV  
  77  6:24  Thor  
  85  6:32  SCV  
  86  6:33  SCV  
  86  6:37  Hellbat x2  
  91  6:44  SCV  
  91  6:45  SCV  
  93  6:57  SCV x2  
  93  6:59  Armory  
  95  7:06  Hellbat x2  
  105  7:09  SCV x2  
  105  7:13  Factory  
  107  7:31  SCV  
  107  7:32  SCV  
  107  7:37  Hellbat x3  
  107  7:43  SCV  
  110  7:44  SCV  
  111  7:58  Hellbat x2, Thor, Supply Depot  
  115  8:01  Supply Depot  
  115  8:02  Supply Depot  
  121  8:08  SCV x2  
  121  8:11  Orbital Command  
  123  8:15  Refinery  
  123  8:16  Refinery  
  123  8:20  Hellbat x2, SCV  
  123  8:21  SCV  
  123  8:24  Missile Turret  
  129  8:30  Factory Tech Lab  
  129  8:35  Command Center  
  129  8:41  Thor  
  129  8:42  Factory  
  129  8:44  Factory x3  
  135  8:50  Thor  
  135  8:52  Hellbat x2  
  145  9:08  SCV x3  
  148  9:17  Supply Depot  
  148  9:18  Supply Depot x2  
  148  9:20  Supply Depot, SCV x3  
  148  9:22  Terran Vehicle Weapons Level 1, Terran Vehicle And Ship Armor Level 1  
  148  9:24  Thor, Hi-Sec Auto Tracking  
  157  9:33  Factory Tech Lab x3  
  157  9:34  Factory Tech Lab  
  157  9:39  Hellbat, Thor  
  157  9:40  Hellbat  
  167  9:58  Command Center  
  167  10:00  Thor x2  
  167  10:04  Infernal Pre-Igniter  
  167  10:06  Thor  
  185  10:11  Smart Servos  
  185  10:21  Thor  
  191  10:30  Missile Turret, Refinery  
  191  10:32  Missile Turret  
  191  10:33  SCV x2  
  191  10:34  Missile Turret, SCV, Refinery, Sensor Tower  
  194  10:40  Thor  
  200  11:31  Factory x3  
  200  11:35  Factory  
  200  12:06  Command Center  
  200  12:12  Terran Vehicle Weapons Level 2, Terran Vehicle And Ship Armor Level 2  
  200  12:17  Missile Turret  
  200  12:18  Refinery  
  200  12:19  Refinery  
  200  12:31  Planetary Fortress  
  139  13:31  SCV  
  139  13:32  SCV x3  
  132  13:36  Planetary Fortress  
  131  13:46  Factory Tech Lab x3  
  131  13:47  Factory Tech Lab  
  131  13:48  Thor x3  
  131  13:49  Thor x2  
  131  13:50  Thor  
  131  13:53  Hellbat x2  
  171  14:12  Thor  
  195  14:42  Factory  
  195  14:43  Factory  
  195  14:49  Hellbat x2  
  199  15:35  Terran Vehicle And Ship Armor Level 3, Terran Vehicle Weapons Level 3  
  199  15:49  Factory Tech Lab x2  
Tags
 
Composition
Mech
League
Gold
Matchup
PvT
Opening
2 Factory
Spawn Locations
Cross Positions
Add a new tag
Caveats
  • Supply blocks, unpowered buildings, or Contaminate may cause inaccurate times.
  • Supply counts are checked every 10 seconds.